 Dungeon Crawl Stone Soup version 0.30-a0-459-g9104f0fc43 (webtiles) character file.

Game seed: 15483419758908673627

3777 NinjaNoafa the Covert (level 10, 0/91 HPs)
             Began as a Naga Enchanter on Dec 15, 2022.
             Was a Believer of Dithmenos.
             Killed from afar by an electric eel (6 damage)
             ... with a bolt of electricity
             ... on level 9 of the Dungeon.
             The game lasted 00:25:40 (8446 turns).

NinjaNoafa the Covert (Naga Enchanter)              Turns: 8446, Time: 00:25:40

Health: 0/91       AC: 10    Str: 11    XL:     10   Next: 16%
Magic:  18/18      EV: 11    Int: 19    God:    Dithmenos [**....]
Gold:   349        SH:  0    Dex: 12    Spells: 11/19 levels left

rFire   . . .      SeeInvis +    B - +2 short sword (venom)
rCold   . . .      Faith    .    (no shield)
rNeg    . . .      Spirit   .    A - +2 steam dragon scales
rPois   +          Reflect  .    (no helmet)
rElec   .          Harm     .    (no cloak)
rCorr   +          Rampage  .    f - +2 pair of gloves
Will    +....                    (no barding)
Stlth   +++++.....               (no amulet)
HPRegen 0.35/turn                j - ring of resist corrosion
MPRegen 0.16/turn                (no ring)

@: wreathed by umbra, very slow
A: AC +3, large, see invisible, deformed body, poison resistance, slowness 2,
spit poison 1, naga tail 1
a: Spit Poison, Renounce Religion, Shadow Step


You were on level 9 of the Dungeon.
You worshipped Dithmenos.
Dithmenos was pleased with you.
You visited 2 branches of the dungeon, and saw 10 of its levels.

You collected 475 gold pieces.
You spent 126 gold pieces at shops.

Inventory:

Hand Weapons
 l - a +2 dagger of protection
 B - a +2 short sword of venom (weapon)
Missiles
 b - 2 javelins
 g - 5 boomerangs (quivered)
 i - 71 stones
 o - 29 poisoned darts
 y - 2 curare-tipped darts
Armour
 f - a +2 pair of gloves (worn)
 A - +2 steam dragon scales (worn)
Jewellery
 j - a ring of resist corrosion (left hand)
Wands
 E - a wand of paralysis (7)
Scrolls
 d - 7 scrolls of teleportation
 h - 2 scrolls of vulnerability
 k - a scroll of enchant weapon {unknown}
 m - 2 scrolls of immolation {unknown}
 n - a scroll of magic mapping {unknown}
 p - 2 scrolls of poison {unknown}
 q - a scroll of blinking
 r - a scroll of noise {unknown}
 t - a scroll of amnesia {unknown}
 z - a scroll of fear {unknown}
Potions
 a - 4 potions of haste
 c - a potion of invisibility
 e - a potion of degeneration
 s - 2 potions of berserk rage
 u - 2 potions of curing {unknown}
 v - a potion of heal wounds
 w - 2 potions of brilliance
 x - 2 potions of ambrosia
 C - a potion of lignification {unknown}
 D - a potion of might {unknown}


   Skills:
 - Level 6.0 Fighting
 + Level 7.7 Short Blades
 - Level 6.0 Dodging
 + Level 9.1 Stealth
 + Level 5.4 Spellcasting
 + Level 8.0 Hexes
 + Level 5.1 Ice Magic


You had 11 spell levels left.
You knew the following spells:

 Your Spells              Type           Power      Damage    Failure   Level
a - Ensorcelled Hibernat  Hex/Ice        60%        N/A       1%          2
b - Confusing Touch       Hex            35%        N/A       1%          3
c - Tukima's Dance        Hex            35%        N/A       1%          3

Your spell library contained the following spells:

 Spells                   Type           Power      Damage    Failure   Level
 Dazzling Flash           Conj/Hex       40%        N/A       7%          3
 Beastly Appendage        Tmut           10%        N/A       12%         1
 Shock                    Conj/Air       20%        1d4       12%         1
 Cigotuvi's Dreadful Rot  Necr/Pois/Air  10%        N/A       19%         2
 Searing Ray              Conj           10%        2d4       19%         2
 Static Discharge         Conj/Air       10%        2-3/arc   19%         2
 Wereblood                Tmut           5%         N/A       19%         2
 Spider Form              Tmut/Pois      5%         N/A       34%         3
 Vhi's Electric Charge    Tloc/Air       10%        N/A       34%         3
 Arcjolt                  Conj/Air       2%         1d12      97%         5
 Iskenderun's Battlesphe  Conj           5%         2d6       97%         5
 Lightning Bolt           Conj/Air       2%         1d14      97%         5


Dungeon Overview and Level Annotations

Branches:
Dungeon (9/15)             Temple (1/1) D:4
   Lair: D:8-11         Orc: D:9-12

Altars:
Ashenzari
Dithmenos
Elyvilon
Fedhas
Hepliaklqana
Kikubaaqudgha
Nemelex Xobeh
Qazlal
Ru
Sif Muna
Trog
Uskayaw
Vehumet
Wu Jian
Yredelemnul
Zin
The Shining One

Shops:
D:4 [   D:5 *


Innate Abilities, Weirdness & Mutations

Your serpentine skin is tough. (AC +3)
You have supernaturally acute eyesight. (SInv)
Armour fits poorly on your strangely shaped body.
Your system is resistant to poisons. (rPois)
You cover ground very slowly.
You can spit poison.
You have a snake-like lower body.


Message History

The bolt of electricity hits the plant.
The plant begins to die.
The bolt of electricity misses you.
The electric eel shoots out a bolt of lightning at you!
The bolt of electricity hits you.
Throw: 6 boomerangs
Press: ? - help, Q - select action, (/) - cycle Shift-Dir - straight line, f/p - electric eel
Aim: an electric eel (almost dead, poisoned, 42% to hit)
You throw a boomerang.
The boomerang closely misses the electric eel.
The electric eel looks more healthy.
The electric eel shoots out a bolt of lightning at you!
The bolt of electricity hits you!
The electric eel shoots out a bolt of lightning at you!
The bolt of electricity hits the plant!
The bolt of electricity hits you!
The electric eel shoots out a bolt of lightning at you!
The bolt of electricity hits the plant!
The bolt of electricity hits you!
Throw: 5 boomerangs
Press: ? - help, Q - select action, (/) - cycle Shift-Dir - straight line, f/p - electric eel
Aim: an electric eel (almost dead, 42% to hit)
You throw a boomerang.
The boomerang barely misses the electric eel.
The electric eel shoots out a bolt of lightning at you!
The bolt of electricity hits you.
You have got your breath back.
A nearby plant withers and dies.
The electric eel shoots out a bolt of lightning at you!
The bolt of electricity hits the electric eel.
The electric eel completely resists.
The bolt of electricity misses you. The bolt of electricity hits you!
The electric eel shoots out a bolt of lightning at you!
The bolt of electricity hits you!
* * * LOW HITPOINT WARNING * * *
The electric eel shoots out a bolt of lightning at you!
The bolt of electricity hits you!
* * * LOW HITPOINT WARNING * * *
The electric eel shoots out a bolt of lightning at you!
The bolt of electricity misses you.
The electric eel shoots out a bolt of lightning at you!
The bolt of electricity hits you.
You die...

#. .+.♣ .. .#~ ♣ .#.~ ~~ ...
~~~ ##'# ~~≈≈ #..# ~~≈≈≈
###..#♣~P≈~≈≈ #@.....S~~~≈~
+### ########'###........
...# #..........#..SS~~~~
...# #......)...###♣~~~~~
...######....[)....####♣~~~~
...##...'......>.<.'..##♣♣~~
...'..###..........##...'♣♣♣
...#### #..........######.♣
...# #..........# ###♣♣♣


You could see 2 electric eels.

Vanquished Creatures
  Grinder (D:4)
  2 steam dragons
  An acid dragon (D:9)
  2 water moccasins (D:8)
  2 black bears
  An ice beast (D:6)
  2 orc warriors
  A sky beast (D:7)
  2 ogres
  2 centaurs
  A phantom (D:6)
  An elf zombie (D:4)
  A kobold brigand (D:8)
  A scorpion (D:5)
  2 bullfrogs
  2 necrophages
  An elf skeleton (D:4)
  2 wights
  4 howler monkeys (D:8)
  3 hounds
  3 orc priests (D:6)
  4 jellies
  2 orc wizards
  8 adders
  2 shadow imps
  3 white imps
  2 worms (D:2)
  3 dart slugs
  19 orcs
  10 ball pythons
  2 bats (D:3)
  6 endoplasms
  2 giant cockroaches
  4 hobgoblins
  9 kobolds
  4 quokkas
  2 frilled lizards (D:1)
  4 goblins
  3 orc skeletons (D:4)
  An orc zombie (D:4)
  5 rats
132 creatures vanquished.

Vanquished Creatures (collateral kills)
  A two-headed ogre (D:9)
  A wight (D:6)
  4 orcs
6 creatures vanquished.

Vanquished Creatures (others)
  3 dancing weapons
  2 orcs (D:3)
  20 plants (D:9)
25 creatures vanquished.

Grand Total: 163 creatures vanquished

Notes
Turn   | Place    | Note
-------+----------+-------------------------------------------
     0 | D:1      | NinjaNoafa the Naga Enchanter began the quest for the Orb.
     0 | D:1      | Reached XP level 1. HP: 15/15 MP: 3/3
   187 | D:1      | Reached XP level 2. HP: 22/22 MP: 5/5
   789 | D:2      | Got the Compilation of Grisly Bolts
   829 | D:2      | Reached XP level 3. HP: 28/28 MP: 6/6
  1144 | D:2      | Reached skill level 5 in Stealth
  1747 | D:3      | Reached skill level 5 in Fighting
  1747 | D:3      | Reached skill level 5 in Dodging
  1747 | D:3      | Reached XP level 4. HP: 35/48 MP: 7/7
  1802 | D:2      | Reached XP level 5. HP: 55/55 MP: 8/12
  1806 | D:2      | Learned a level 2 spell: Ensorcelled Hibernation
  1810 | D:2      | Learned a level 3 spell: Confusing Touch
  1814 | D:2      | Learned a level 3 spell: Tukima's Dance
  2024 | D:3      | You fall into a shaft and drop 3 floors!
  2031 | D:6      | Noticed an ogre
  2041 | D:6      | Killed an ogre
  2042 | D:6      | Reached XP level 6. HP: 44/62 MP: 3/13
  2044 | D:5      | Entered Level 5 of the Dungeon
  2044 | D:5      | Noticed a black bear
  2132 | D:6      | Killed a black bear
  2294 | D:5      | Reached XP level 7. HP: 39/63 MP: 8/14
  2398 | D:5      | Found Hewaiq's General Store.
  2411 | D:5      | Bought a scroll of teleportation for 36 gold pieces
  2411 | D:5      | Bought a scroll of blinking for 90 gold pieces
  2579 | D:4      | Found Minomoen's Armour Shop.
  2591 | D:4      | Noticed Grinder
  2599 | D:4      | Paralysed by Grinder for 2 turns
  2640 | D:4      | Paralysed by Grinder for 2 turns
  2654 | D:4      | Killed Grinder
  2898 | D:4      | Found a staircase to the Ecumenical Temple.
  2917 | D:4      | Reached skill level 5 in Spellcasting
  2925 | Temple   | Entered the Ecumenical Temple
  3039 | Temple   | Became a worshipper of Dithmenos the Shadowed
  3407 | D:4      | Reached XP level 8. HP: 76/76 MP: 15/15
  4688 | D:5      | Reached skill level 6 in Stealth
  4753 | D:5      | Reached * piety under Dithmenos
  4877 | D:6      | Reached skill level 5 in Ice Magic
  5279 | D:6      | Reached XP level 9. HP: 82/82 MP: 8/16
  5374 | D:6      | Reached skill level 7 in Stealth
  6502 | D:7      | Reached skill level 8 in Stealth
  7536 | D:9      | Noticed a two-headed ogre
  7558 | D:9      | Killed a two-headed ogre
  7559 | D:9      | Reached XP level 10. HP: 14/91 MP: 1/18
  7796 | D:9      | Reached skill level 9 in Stealth
  8127 | D:8      | Reached ** piety under Dithmenos
  8446 | D:9      | Killed from afar by an electric eel

Illustrated notes

Levels and vault maps discovered:
D:1:      minmay_arrival_nine_rooms, layout_basic
D:2:      layout_loops_corners, minmay_quantized
D:3:      layout_basic, chequers_serial_rivers_micro_d
D:4:      layout_gridville, minmay_temple_entry_glass,
          nicolae_ossuary_entry_catacombs, serial_shops, nicolae_shop_crystal,
          minmay_misc_feat_tower, minmay_misc_feat_four_crosses, uniq_grinder
D:5:      black_bear_nest_1, layout_rooms, serial_shops, nicolae_lakefront_shop
D:6:      layout_basic
D:7:      layout_rooms
D:8:      layout_basic
D:9:      layout_roguey, amcnicky_mini_corridor_feature, serial_bayou_lagoon_b
Temple:   minmay_temple_bridge_d

Skill      XL: |  1  2  3  4  5  6  7  8  9 10 |
---------------+-------------------------------+-----
Stealth        | 5 6 8 9 |  9.1
Fighting       | 5 6 |  6.0
Short Blades   | 6 7 |  7.7
Dodging        | 5 6 |  6.0
Spellcasting   | 4 5 |  5.4
Hexes          | 7 8 |  8.0
Ice Magic      | 4 5 |  5.1

Action                   |  1- 3 |  4- 6 |  7- 9 | 10-12 || total
-------------------------+-------+-------+-------+-------++-------
Melee: Dagger            |    64 |    20 |   331 |       ||   415
       Punch             |     2 |       |     5 |       ||     7
       Short sword       |       |       |    56 |    40 ||    96
Throw: Boomerang         |       |       |    14 |     2 ||    16
       Dart              |       |       |     9 |       ||     9
 Cast: Ensorcelled Hiber |       |     8 |    49 |     5 ||    62
       Confusing Touch   |       |     3 |    19 |     3 ||    25
       Tukima's Dance    |       |     2 |    12 |     4 ||    18
 Abil: Spit Poison       |    21 |     4 |    26 |     9 ||    60
  Use: Potion            |     2 |     2 |     1 |       ||     5
       Scroll            |       |       |     8 |       ||     8
 Stab: Sleeping          |     6 |     6 |    32 |     4 ||    48
       Confused          |       |     1 |     8 |     1 ||    10
Armor: Robe              |    16 |    11 |    89 |       ||   116
       Steam dragon scal |       |       |    57 |     9 ||    66
Dodge: Dodged            |    33 |    17 |   232 |    28 ||   310

Table legend: (Time is in decaauts)
 A = Elapsed time spent in this place.
 B = Non-inter-level travel time spent in this place.
 C = Inter-level travel time spent in this place.
 D = Time resting spent in this place.
 E = Time spent auto-exploring this place.
 F = Levels seen in this place.
 G = Mean time per level.
                   A        B        C        D        E       F      G
               +--------+--------+--------+--------+--------+-----+--------+
         Total |  10381 |   9701 |    680 |      0 |   8020 |  10 | 1038.1 |
       Dungeon |  10124 |   9593 |    531 |      0 |   7928 |   9 | 1124.9 |
        Temple |    256 |    107 |    149 |      0 |     92 |   1 |  256.0 |
               +--------+--------+--------+--------+--------+-----+--------+

Top non-repeatable levels by time:
     D:6: 1522 daAuts
     D:8: 1456 daAuts
     D:4: 1330 daAuts
     D:2: 1294 daAuts
     D:5: 1185 daAuts
     D:1: 1025 daAuts
     D:7: 839 daAuts
     D:9: 747 daAuts
     D:3: 721 daAuts
  Temple: 256 daAuts
